 Dungeon Crawl Stone Soup version 0.21-a0-404-g291f19a (webtiles) character file.

6098 sagitran the Carver (level 10, 0/115 HPs)
             Began as a Demonspawn Gladiator on Oct 26, 2017.
             Slain by a warg (7 damage)
             ... on level 8 of the Dungeon on Oct 28, 2017.
             The game lasted 00:50:43 (10291 turns).

sagitran the Carver (Demonspawn Gladiator)         Turns: 10291, Time: 00:50:44

Health: 0/115      AC: 25    Str: 22    XL:     10   Next: 58%
Magic:  9/9        EV:  2    Int: 10    God:
Gold:   455        SH:  0    Dex: 17    Spells: 9/9 levels left

rFire    . . .     SeeInvis +   a - +1 long sword
rCold    . . .     Gourm    .   (no shield)
rNeg     + + +     Faith    .   (armour currently unavailable)
rPois    +         Spirit   .   (helmet currently unavailable)
rElec    .         Reflect  .   (cloak currently unavailable)
rCorr    .         Harm     .   (gloves currently unavailable)
MR       .....     Clarity  +   (boots currently unavailable) Stlth +++.......NoTele +
                                (no amulet)
HPRegen  0.29/turn              h - ring of see invisible
MPRegen  0.11/turn              (no ring)

@: mighty, tree-form, very slightly contaminated
A: agile 1, clarity, low mp 1, nightstalker 1, evolution 1, augmentation 1
a: no special abilities


You were on level 8 of the Dungeon.
You were not hungry.
You were a tree.
You visited 2 branches of the dungeon, and saw 9 of its levels.

You collected 455 gold pieces.

Inventory:

Hand Weapons
 a - a +1 long sword (weapon)
 D - a +2 shortbow of flaming
Missiles
 z - 39 arrows
 G - 6 tomahawks (quivered)
Armour
 b - a +0 leather armour
 d - +0 steam dragon scales
 q - a +0 ring mail (melded)
 t - a cursed +0 helmet (melded)
 H - a +0 buckler
Jewellery
 h - a ring of see invisible (left branch)
 y - an uncursed ring of poison resistance
Wands
 i - a wand of confusion (21/48)
 s - a wand of polymorph (19/24)
 v - a wand of flame (3/48)
 x - a wand of random effects (25/48)
 C - a wand of confusion (22/48)
 E - a wand of lightning (0/15)
 F - a wand of iceblast (0/15)
 K - a wand of clouds (2/9)
Scrolls
 c - 2 scrolls of recharging
 e - 3 scrolls of amnesia
 j - 4 scrolls of remove curse
 k - a scroll of immolation {unknown}
 p - a scroll of enchant weapon
 r - a scroll of teleportation
Potions
 l - a potion of flight
 m - a potion of resistance
 o - a potion of lignification
 w - 3 potions of invisibility
 A - 2 potions of might
 B - a potion of magic
Comestibles
 f - 7 bread rations
 g - 4 meat rations


   Skills:
 + Level 6.4 Fighting
 + Level 9.6 Long Blades
 + Level 4.5 Bows
 + Level 2.5 Throwing
 + Level 5.8 Armour
 + Level 5.7 Dodging
 + Level 3.1 Stealth
 + Level 1.3 Evocations


You had 9 spell levels left.
You didn't know any spells.

Dungeon Overview and Level Annotations

Branches:
Dungeon (8/15)             Temple (1/1) D:7
   Lair: D:8-11

Altars:
Ashenzari
Cheibriados
Dithmenos
Elyvilon
Fedhas
Gozag
Hepliaklqana
Kikubaaqudgha
Makhleb
Nemelex Xobeh
Okawaru
Qazlal
Ru
Sif Muna
Trog
Uskayaw
Vehumet
Wu Jian
Xom
Yredelemnul
Zin
The Shining One

Shops:
D:7 ?


Innate Abilities, Weirdness & Mutations

((You have razor-sharp toenails.))
((You are completely covered in yellow scales. (AC +4, rCorr)))
You are slightly more attuned to the shadows.
Your magical and physical power is slightly enhanced at high health.
((You have very sharp teeth.))
You are agile. (Dex +2)
You possess an exceptional clarity of mind.
((Your flesh is cold resistant. (rC+)))
Your magical capacity is low. (-10% MP)
((Your system is resistant to poisons. (rPois)))
You evolve.


Message History

Okay, then.
As you read the scroll labeled DOBBUU YZOE, it crumbles to dust.
It is a scroll of enchant weapon.
Your +0 long sword glows red for a moment.
As you read the scroll labeled WOSILA JIVUNOMP, it crumbles to dust.
You feel strangely unstable.
It was a scroll of teleportation.
You feel better. The warg bites you!
* * * LOW HITPOINT WARNING * * *
You turn into a tree.
Your cursed +0 helmet melds into your body.
Your +0 ring mail melds into your body.
Your roots penetrate the ground.
You feel strangely stable. The warg bites you but does no damage.
The warg bites you.
* * * LOW HITPOINT WARNING * * *
You hit the warg.
The warg is severely wounded.
The warg bites you but does no damage. The warg bites you.
* * * LOW HITPOINT WARNING * * *
The warg bites you!
You die...

#....##........#..............
#...(..........#.....##..###..
#........##...##.....##..# #..
########..##########'###.......
#......#...#...#.......#.......
#.....[#...#...'.......#######
#......#..####'#.............
#......####..................
######........♣h.............
#.........h....#.h...P..
#..........#####hh..≈≈≈≈
#.....######...#....≈≈≈≈
#.....#........#....≈≈##
#.....#...##...#....≈≈#
#.....#...##...#....≈≈#
#.....#...##...#...P≈≈###
#.....#........#h...≈≈≈.#


You could see 2 wargs.

Vanquished Creatures
  A two-headed ogre (D:6)
  The ghost of CasualChangeling the Slasher, a novice DrFi of Dithmenos (D:7)
  Joseph (D:8)
  2 hippogriffs (D:8)
  The ghost of Spoonicorn the Chopper, an amateur HOBe of Trog (D:3)
  A hungry ghost (D:7)
  A steam dragon (D:7)
  Menkaure (D:7)
  6 wargs (D:8)
  4 sky beasts
  A black bear (D:6)
  2 ice beasts (D:6)
  2 ogres
  3 phantoms
  2 centaurs
  7 bullfrogs
  A gnoll sergeant (D:8)
  2 scorpions
  2 electric eels (D:7)
  A howler monkey (D:5)
  2 crimson imps
  2 centaur zombies
  2 quasits
  2 bullfrog skeletons
  6 hounds
  7 orc wizards
  5 orc priests
  2 worker ants
  A hound zombie (D:6)
  A hound skeleton (D:8)
  13 gnolls
  7 adders
  A shadow imp (D:5)
  2 oozes
  An adder skeleton (D:8)
  6 dart slugs
  2 leopard geckos
  39 orcs
  10 bats
  7 giant cockroaches
  4 goblins (D:3)
  13 hobgoblins
  6 jackals (D:6)
  6 quokkas
  A ball python (D:1)
  4 frilled lizards
  11 kobolds
  8 rats
213 creatures vanquished.

Vanquished Creatures (others)
  A plant (D:7)
1 creature vanquished.

Grand Total: 214 creatures vanquished

Notes
Turn   | Place    | Note
-------+----------+-------------------------------------------
     0 | D:1      | sagitran the Demonspawn Gladiator began the quest for the Orb.
     0 | D:1      | Reached XP level 1. HP: 16/16 MP: 1/1
   159 | D:1      | Reached skill level 3 in Long Blades
   159 | D:1      | Gained mutation: You are partially covered in yellow scales. (AC +2) [demonic ancestry]
   159 | D:1      | Reached XP level 2. HP: 12/22 MP: 2/2
   625 | D:1      | Gained mutation: You are mostly covered in yellow scales. (AC +3) [demonic ancestry]
   625 | D:1      | Reached XP level 3. HP: 24/27 MP: 3/3
  1251 | D:2      | Found an ancient bone altar of Kikubaaqudgha.
  1559 | D:2      | Found a burning altar of Makhleb.
  1559 | D:2      | Noticed a green death
  1563 | D:2      | Noticed an orange demon
  1563 | D:2      | Noticed a smoke demon
  1594 | D:2      | Found a blossoming altar of Fedhas.
  1641 | D:2      | You fall through a shaft!
  1649 | D:3      | Reached XP level 4. HP: 32/33 MP: 4/4
  1914 | D:2      | Reached skill level 1 in Armour
  2013 | D:3      | Found a shadowy altar of Dithmenos.
  2509 | D:3      | Noticed Spoonicorn's ghost (amateur HOBe)
  3191 | D:3      | Killed Spoonicorn's ghost
  3191 | D:3      | Reached skill level 4 in Long Blades
  3191 | D:3      | Gained mutation: You are slightly more attuned to the shadows. [demonic ancestry]
  3191 | D:3      | Reached XP level 5. HP: 21/41 MP: 5/5
  3408 | D:4      | Reached XP level 6. HP: 42/47 MP: 6/6
  3717 | D:4      | Found a shimmering altar of Xom.
  4293 | D:4      | Reached skill level 5 in Long Blades
  4628 | D:5      | Entered Level 5 of the Dungeon
  4754 | D:5      | Gained mutation: You have sharp toenails. [demonic ancestry]
  4754 | D:5      | Reached XP level 7. HP: 26/52 MP: 7/7
  5879 | D:5      | Gained mutation: Your magical capacity is low. (-10% MP) [mutagenic meat]
  5880 | D:5      | Gained mutation: Your flesh is cold resistant. (rC+) [mutagenic meat]
  5881 | D:5      | Gained mutation: You possess an exceptional clarity of mind. [mutagenic meat]
  5882 | D:5      | Gained mutation: Your system is resistant to poisons. (rPois) [mutagenic meat]
  5883 | D:5      | Gained mutation: You evolve. [mutagenic meat]
  5889 | D:5      | HP: 1/53 [centaur/arrow (14)]
  5906 | D:5      | Reached skill level 6 in Long Blades
  6063 | D:5      | Gained mutation: You are completely covered in yellow scales. (AC +4, rCorr) [demonic ancestry]
  6063 | D:5      | Reached XP level 8. HP: 60/60 MP: 7/7
  6360 | D:5      | Found a sparkling altar of Nemelex Xobeh.
  6511 | D:6      | Noticed a two-headed ogre
  6539 | D:6      | Killed a two-headed ogre
  6539 | D:6      | Reached skill level 7 in Long Blades
  6539 | D:6      | Reached skill level 1 in Bows
  6539 | D:6      | Reached skill level 1 in Stealth
  6991 | D:6      | Gained mutation: You are agile. (Dex +2) [evolution]
  7000 | D:6      | Found a hazy altar of Hepliaklqana.
  7032 | D:6      | Gained mutation: You have razor-sharp toenails. [demonic ancestry]
  7032 | D:6      | Reached XP level 9. HP: 58/66 MP: 8/8
  7457 | D:6      | Found a stormy altar of Qazlal.
  7541 | D:6      | Reached skill level 5 in Fighting
  7821 | D:6      | Reached skill level 5 in Dodging
  7934 | D:6      | Reached skill level 8 in Long Blades
  8022 | D:6      | Found a sacrificial altar of Ru.
  8152 | D:7      | Reached skill level 5 in Armour
  8333 | D:7      | Found a transporter.
  8352 | D:7      | Found a transporter.
  8454 | D:7      | Gained mutation: You have very sharp teeth. [evolution]
  8625 | D:7      | Noticed CasualChangeling's ghost (novice DrFi)
  8635 | D:7      | Killed CasualChangeling's ghost
  8635 | D:7      | Gained mutation: Your magical and physical power is slightly enhanced at high health. [demonic ancestry]
  8635 | D:7      | Reached XP level 10. HP: 45/76 MP: 9/9
  8644 | D:7      | Reached skill level 9 in Long Blades
  8850 | D:7      | Found a staircase to the Ecumenical Temple.
  8856 | Temple   | Entered the Ecumenical Temple
  8999 | D:7      | Found a shattered altar of Ashenzari.
  9039 | D:7      | Found Moiplerch's Magic Scroll Emporium.
  9087 | D:7      | Found an opulent altar of Gozag.
  9088 | D:7      | Noticed Menkaure
  9092 | D:7      | Killed Menkaure
  9869 | D:8      | Reached skill level 1 in Evocations
  9968 | D:8      | Noticed Joseph
  9988 | D:8      | Killed Joseph
 10291 | D:8      | Slain by a warg

Vault maps used:
D:1:      eino_arrival_druids_welcome, serial_forest,
          infiniplex_forest_clump_small, infiniplex_forest_join,
          infiniplex_forest_straight_2, infiniplex_forest_lined_room_,
          infiniplex_forest_end_1, serial_park_tiny_2
D:2:      lemuel_coloured_pillars_altar, fedhas_altar_3, first_bread,
          makhleb_altar_promises_db
D:3:      overflow_temple_1_default, serial_curves, eino_curves_02,
          eino_curves_02
D:4:      nicolae_overflow_crystal_walls, hangedman_abyss_or_decor_stagger
D:5:      nemelex_xobeh_ov_fountains_minmay
D:6:      old_standard_altar, lemuel_round_altar, minmay_ruined_shrine
D:7:      gammafunk_steamed_eel, lemuel_doored_altar,
          ashenzari_conservatory_becter, minmay_temple_entry_enclosed_plants,
          serial_shops, shop, uniq_menkaure
D:8:      lemuel_castle_with_subvaults, uniq_joseph
Temple:   dshaligram_water_room_temple

Skill      XL: |  1  2  3  4  5  6  7  8  9 10 |
---------------+-------------------------------+-----
Long Blades    | 3 4 5 6 7 8 9 |  9.6
Dodging        | 3 4 5 |  5.7
Armour         | 1 2 3 4 5 |  5.8
Fighting       | 3 4 5 6 |  6.4
Bows           | 2 3 4 |  4.5
Throwing       | 2 |  2.5
Stealth        | 1 2 3 |  3.1
Evocations     | 1 |  1.3

Action                   |  1- 3 |  4- 6 |  7- 9 | 10-12 || total
-------------------------+-------+-------+-------+-------++-------
Melee: Long sword        |   125 |   202 |   342 |    88 ||   757
       Kick              |       |       |   134 |    53 ||   187
       Bite              |       |       |     1 |    17 ||    18
       Shortbow          |       |       |       |     2 ||     2
 Fire: Shortbow          |       |       |    73 |     9 ||    82
Throw: Throwing net      |       |     2 |     3 |       ||     5
       Tomahawk          |       |       |       |     9 ||     9
Evoke: Wand              |       |     1 |     3 |    12 ||    16
  Use: Potion            |       |     7 |     2 |     4 ||    13
       Scroll            |       |       |     5 |     6 ||    11
 Stab: Sleeping          |     1 |       |     2 |     2 ||     5
       Distracted        |       |       |     1 |       ||     1
       Confused          |       |       |       |     1 ||     1
  Eat: Chunk             |     3 |     8 |     8 |     1 ||    20
       Royal jelly       |       |     1 |     1 |       ||     2
       Bread ration      |       |       |     2 |     1 ||     3
Armor: Leather armour    |    48 |       |       |       ||    48
       Ring mail         |    19 |    85 |   157 |    28 ||   289
       Skin              |       |    24 |       |     2 ||    26
Dodge: Dodged            |   102 |   138 |   263 |    88 ||   591
       Rpst.: Long sword |    31 |    48 |    78 |    21 ||   178

Table legend:
 A = Spawn XP
 B = Non-spawn XP
 C = Spawn XP percentage of total XP
 D = Spawn monster count
 E = Non-spawn monster count
 F = Spawn count percentage of total count
 G = Total turns spent on level
                    A         B        C        D         E        F      G
               +---------+---------+-------+---------+---------+-------+---------
         Total |       0 |    8712 |   0.0 |       0 |     213 |   0.0 | 10291
               +---------+---------+-------+---------+---------+-------+---------
           D:1 |       0 |      67 |   0.0 |       0 |      34 |   0.0 |  1056
           D:2 |       0 |      33 |   0.0 |       0 |      11 |   0.0 |  1273
           D:3 |       0 |     253 |   0.0 |       0 |      27 |   0.0 |  1176
           D:4 |       0 |     310 |   0.0 |       0 |      14 |   0.0 |  1156
           D:5 |       0 |     881 |   0.0 |       0 |      35 |   0.0 |  1793
           D:6 |       0 |    2366 |   0.0 |       0 |      35 |   0.0 |  1676
           D:7 |       0 |    2348 |   0.0 |       0 |      33 |   0.0 |  1235
           D:8 |       0 |    2454 |   0.0 |       0 |      24 |   0.0 |   804
               +---------+---------+-------+---------+---------+-------+---------
